 Dungeon Crawl Stone Soup version 0.25.0-1-g7eea58d2a3 (webtiles) character file.

Game seed: 5866356575689978683

840 Peloso the Slasher (level 7, -8/41 HPs)
             Began as a Vampire Fighter on June 13, 2020.
             Was an Initiate of Okawaru.
             Shot with an arrow by a centaur (12 damage)
             ... on level 8 of the Dungeon.
             The game lasted 00:10:12 (5249 turns).

Peloso the Slasher (Vampire Fighter)                Turns: 5249, Time: 00:10:12

Health: -8/41      AC:  0    Str: 15 (17) XL:     7   Next: 67%
Magic:  5/7        EV: 20    Int:  8 (10) God:    Okawaru [......]
Gold:   346        SH:  0    Dex: 17 (19) Spells: 6/6 levels left

rFire    . . .     SeeInvis +   (weapon currently unavailable)
rCold    + + .     Gourm    .   (shield currently unavailable)
rNeg     + + +     Faith    .   (armour currently unavailable)
rPois    ∞         Spirit   .   (helmet currently unavailable)
rElec    .         Reflect  .   (cloak currently unavailable)
rCorr    .         Harm     .   (gloves currently unavailable)
MR       .....                  (boots currently unavailable)
Stlth    ++++......             (no amulet)
HPRegen  0.00/turn              (ring currently unavailable)
MPRegen  0.10/turn              (ring currently unavailable)

@: bat-form, flying, bloodless, very quick
A: tiny, no food, fangs 3, see invisible
a: Revivify, End Transformation, Renounce Religion


You were on level 8 of the Dungeon.
You worshipped Okawaru.
Okawaru was noncommittal.
You were bloodless.
You were in vampire-bat-form.
You visited 1 branch of the dungeon, and saw 8 of its levels.

You collected 346 gold pieces.

Inventory:

Hand Weapons
 a - a +2 falchion of draining (melded)
Armour
 b - a +0 scale mail (melded)
 c - a +0 kite shield (melded)
 s - a +2 hat (melded)
Jewellery
 j - an uncursed ring of ice
 l - a ring of protection from magic (melded)
 o - a ring of wizardry (melded)
Wands
 d - a wand of random effects (14)
 q - a wand of digging (8)
 y - a wand of flame (18)
Scrolls
 e - 3 scrolls of remove curse {unknown}
 g - 3 scrolls of teleportation
 h - 4 scrolls of identify
 i - 2 scrolls of amnesia {unknown}
 k - 2 scrolls of immolation {unknown}
 m - 2 scrolls of enchant armour {unknown}
 p - 2 scrolls of enchant weapon {unknown}
 r - a scroll of fear {unknown}
 v - 2 scrolls of magic mapping {unknown}
 x - a scroll of noise {unknown}
 A - a scroll of random uselessness {unknown}
Potions
 f - 5 potions of heal wounds
 n - a potion of cancellation
 t - 4 potions of brilliance
 u - a potion of magic {unknown}
 w - 4 potions of curing
 z - 2 potions of stabbing {unknown}
 B - a potion of mutation {unknown}


   Skills:
 + Level 3.6 Fighting
 + Level 5.5 Long Blades
 + Level 4.0 Armour
 + Level 2.3 Dodging
 + Level 2.6 Stealth
 + Level 4.4 Shields


You had 6 spell levels left.
You didn't know any spells.
Your spell library was empty.

Dungeon Overview and Level Annotations

Branches:
Dungeon (8/15)
 Temple: D:4-7         Lair: D:8-11

Altars:
Cheibriados
Elyvilon
Fedhas
Nemelex Xobeh
Okawaru
Uskayaw
The Shining One

Annotations:
D:4 2 transporters, tensugalgo's ghost, novice FoFi


Innate Abilities, Weirdness & Mutations

You do not eat.
You do not regenerate when monsters are visible.
You are frail without blood (-20% HP).
You can heal yourself when you bite living creatures.
You are immune to poison.
You have razor-sharp teeth.
You have supernaturally acute eyesight. (SInv)
((You can survive without breathing.))


Message History

Your +2 hat melds into your body.
Your +0 kite shield melds into your body.
Your +0 scale mail melds into your body.
Your ring of wizardry melds into your body.
Your ring of protection from magic melds into your body.
You feel weakened.
You feel dopey.
You feel clumsy. The steam dragon bites you.
The steam dragon completely misses you. The orc misses you.
The orc closely misses you. The ogre barely misses you.
A centaur comes into view.
Found 32 bolts.
Found a stone staircase leading down.
The steam dragon breathes steam at you. The ball of steam hits you!!
Ouch! That really hurt!
* * * LOW HITPOINT WARNING * * *
The centaur shouts!
You hear two shouts!
The centaur wields a +0 shortbow.
The centaur shoots an arrow.
The arrow hits you!
You die...

...( .........
....##........
#........... #
#.........###
#.#...........#
..............#
..c....§...#..##
..........#.##...#####
..#....#..#..## .
#.........##
#.......... ........


You could see a steam dragon (catching breath), an ogre, a centaur and 2 orcs.

Vanquished Creatures
  2 ice beasts
  A phantom (D:4)
  An ogre (D:4)
  A scorpion (D:4)
  A crimson imp (D:6)
  A centaur skeleton (D:5)
  A hound (D:8)
  A bullfrog skeleton (D:4)
  3 worker ants
  A worker ant zombie (D:5)
  A gnoll (D:1)
  9 adders
  6 worms
  2 dart slugs
  3 leopard geckos
  11 orcs
  4 ball pythons
  7 giant cockroaches
  6 goblins
  10 hobgoblins
  2 jackals (D:3)
  5 kobolds
  3 quokkas
  11 bats
  6 frilled lizards
  33 rats
132 creatures vanquished.

Notes
Turn   | Place    | Note
-------+----------+-------------------------------------------
     0 | D:1      | Peloso the Vampire Fighter began the quest for the Orb.
     0 | D:1      | Reached XP level 1. HP: 17/17 MP: 1/1
   113 | D:1      | Reached XP level 2. HP: 17/23 MP: 2/2
   462 | D:1      | Reached XP level 3. HP: 28/28 MP: 3/3
  1010 | D:2      | Reached XP level 4. HP: 31/34 MP: 4/4
  1038 | D:2      | Reached skill level 3 in Long Blades
  1063 | D:2      | Reached skill level 1 in Dodging
  1248 | D:2      | Found a faded altar of an unknown god.
  1436 | D:3      | Reached XP level 5. HP: 26/32 MP: 5/5
  1515 | D:3      | Found a hide-covered altar of Uskayaw.
  2890 | D:4      | Noticed an ogre
  2905 | D:4      | Killed an ogre
  2905 | D:4      | Reached skill level 4 in Long Blades
  2905 | D:4      | Reached XP level 6. HP: 37/37 MP: 6/6
  3312 | D:4      | Reached skill level 1 in Stealth
  3510 | D:4      | Found a transporter.
  3512 | D:4      | Noticed tensugalgo's ghost (novice FoFi)
  3513 | D:4      | Found a transporter.
  3999 | D:5      | Entered Level 5 of the Dungeon
  4172 | D:5      | Reached XP level 7. HP: 41/41 MP: 7/7
  4218 | D:5      | Reached skill level 5 in Long Blades
  4469 | D:5      | Found an iron altar of Okawaru.
  4469 | D:5      | Found a blossoming altar of Fedhas.
  4469 | D:5      | Found a glowing golden altar of the Shining One.
  4469 | D:5      | Found a snail-covered altar of Cheibriados.
  4476 | D:5      | Found a white marble altar of Elyvilon.
  4476 | D:5      | Found a sparkling altar of Nemelex Xobeh.
  4486 | D:5      | Became a worshipper of Warmaster Okawaru
  5102 | D:6      | You fall into a shaft and drop 2 floors!
  5107 | D:7      | Noticed a steam dragon
  5249 | D:8      | Shot with an arrow by a centaur

Illustrated notes

Levels and vault maps discovered:
D:1:      dpeg_arrival_simpleton_b, layout_basic, minmay_tromino_v4_c
D:2:      layout_loops_cross, chequers_ecumenical_altar_island, minmay_rat_hole
D:3:      minmay_chambers_of_twos, layout_loops_ring,
          eat_drink_and_be_merry_uskayaw, minmay_misc_feat_roman
D:4:      layout_loops_corners, gammafunk_ghost_arena, first_ration,
          serial_rivers, chequers_serial_rivers_micro_b,
          chequers_serial_rivers_micro_a, chequers_serial_rivers_micro_e,
          chequers_serial_rivers_micro_d, chequers_serial_rivers_small_a,
          chequers_serial_rivers_micro_c
D:5:      layout_rooms, minmay_overflow_temple_hex
D:6:      layout_loops_corners, dk_noncrumbling_4,
          minmay_fractal_squares_gapless_5, uniq_pikel
D:7:      layout_basic, kennysheep_little_box, minmay_temple_entry_overgrown,
          grunt_decor_resistance
D:8:      layout_cave_pools

Skill      XL: |  1  2  3  4  5  6  7 |
---------------+----------------------+-----
Shields        | 3 4 |  4.4
Armour         | 3 4 |  4.0
Long Blades    | 3 4 5 |  5.5
Dodging        | 1 2 |  2.3
Fighting       | 3 |  3.6
Stealth        | 1 2 |  2.6

Action                   |  1- 3 |  4- 6 |  7- 9 || total
-------------------------+-------+-------+-------++-------
Melee: Long sword        |   150 |   220 |       ||   370
       Bite              |    11 |    34 |     9 ||    54
       Falchion          |       |    28 |    57 ||    85
 Abil: Exsanguinate      |       |     1 |       ||     1
       Bat Form          |       |       |     1 ||     1
  Use: Potion            |     2 |     3 |     2 ||     7
       Scroll            |     2 |     1 |       ||     3
 Stab: Sleeping          |       |     5 |     2 ||     7
Armor: Scale mail        |    94 |   101 |    31 ||   226
Dodge: Dodged            |    55 |    74 |    21 ||   150
Block: Kite shield       |    87 |   134 |    33 ||   254
       Rpst.: Long sword |    17 |    17 |       ||    34
       Falchion          |       |     2 |     4 ||     6
